 Dungeon Crawl Stone Soup version 0.24-a0-284-g9fb9971 (webtiles) character file.

Game seed: 12636695047013086425

336 Anon1729 the Ducker (level 6, 0/70 HPs)
             Began as a Vampire Monk on May 5, 2019.
             Succumbed to a scorpion's poison
             ... on level 4 of the Dungeon.
             The game lasted 00:05:04 (3075 turns).

Anon1729 the Ducker (Vampire Monk)                  Turns: 3075, Time: 00:05:04

Health: 0/70       AC:  4    Str: 15    XL:     6   Next: 28%
Magic:  6/6        EV: 16    Int: 13    God:
Gold:   126        SH:  0    Dex: 18    Spells: 5/5 levels left

rFire    . . .     SeeInvis +   a - +0 falchion
rCold    . . .     Gourm    .   (no shield)
rNeg     + . .     Faith    .   v - +0 robe (curse)
rPois    .         Spirit   .   (no helmet)
rElec    .         Reflect  .   f - +0 cloak
rCorr    .         Harm     .   n - +0 pair of gloves
MR       .....                  (no boots)
Stlth    ..........             (no amulet)
HPRegen  0.41/turn              l - ring of positive energy
MPRegen  0.10/turn              b - ring of wizardry

@: berserking, lethally poisoned (0 -> -7), regenerating quickly, very quick
A: fangs 3, see invisible, unbreathing
a: no special abilities


You were on level 4 of the Dungeon.
You were full.

You visited 1 branch of the dungeon, and saw 4 of its levels.

You collected 126 gold pieces.

Inventory:

Hand Weapons
 a - a +0 falchion (weapon)
Armour
 f - a +0 cloak (worn)
 n - a +0 pair of gloves (worn)
 v - a cursed +0 robe (worn)
Jewellery
 b - a ring of wizardry (right hand)
 l - a ring of positive energy (left hand)
Wands
 u - a wand of enslavement (11)
Scrolls
 d - 4 scrolls of teleportation {unknown}
 e - 3 scrolls of enchant weapon {unknown}
 j - a scroll of immolation {unknown}
 k - 2 scrolls of remove curse {unknown}
 m - 11 scrolls of identify {unknown}
 o - a scroll of enchant armour {unknown}
 q - a scroll of amnesia {unknown}
 t - 2 scrolls of fog {unknown}
 w - 3 scrolls of magic mapping {unknown}
Potions
 c - 10 potions of blood
 g - a potion of agility {unknown}
 h - a potion of berserk rage
 i - a potion of brilliance {unknown}
 p - a potion of curing {unknown}
 r - a potion of haste {unknown}
 s - 2 potions of degeneration {unknown}


   Skills:
 + Level 3.5 Fighting
 * Level 4.8 Long Blades
 * Level 5.2 Dodging
 + Level 5.0 Stealth


You had 5 spell levels left.
You didn't know any spells.
Your spell library was empty.

Dungeon Overview and Level Annotations

Branches:
Dungeon (4/15)
 Temple: D:4-7

Altars:

Annotations:
D:3 2 transporters, oki's ghost, amateur FeEn


Innate Abilities, Weirdness & Mutations

Your natural rate of healing is unusually fast.
You have razor-sharp teeth.
You have supernaturally acute eyesight. (SInv)
You can survive without breathing.


Message History

The scorpion is almost dead.
* * * LOW HITPOINT WARNING * * *
You feel sick. The scorpion misses you. The adder barely misses you.
You riposte.
You slash the adder!
You kill the adder!
Unknown command.
You barely miss the scorpion.
The scorpion is almost dead.
* * * LOW HITPOINT WARNING * * *
You feel sick. The scorpion stings you.
* * * LOW HITPOINT WARNING * * *
Unknown command.
You barely miss the scorpion. Your bite misses the scorpion.
The scorpion is almost dead.
* * * LOW HITPOINT WARNING * * *
You feel sick. The scorpion barely misses you.
You hit the scorpion.
You kill the scorpion!
Your Stealth skill increases to level 5!
You die...

#......# #<# #......#
#)# #......# #.#
#...[..# #. #.#
#......## #. #.####
#.......# #. #....#
#######.## #. ####.#
#†.# #. #.## ##@##
#.######... #..#
#.......... ##.#
##..#####.## #.##
#...#####.#
#..###.........#
##.......###.#### #
#..##...........
...####..##.....#.###.
......................


There were no monsters in sight!

Vanquished Creatures
  A scorpion (D:4)
  A bullfrog zombie (D:3)
  2 orc priests (D:3)
  Natasha (thrice) (D:2)
  6 adders
  An ooze (D:3)
  A dart slug (D:3)
  11 orcs
  A ball python (D:2)
  7 goblins
  4 hobgoblins
  A quokka (D:2)
  4 bats
  7 frilled lizards
  7 kobolds
  4 rats
61 creatures vanquished.

Notes
Turn   | Place    | Note
-------+----------+-------------------------------------------
     0 | D:1      | Anon1729 the Vampire Monk began the quest for the Orb.
     0 | D:1      | Reached XP level 1. HP: 17/17 MP: 1/1
   352 | D:1      | Reached XP level 2. HP: 18/23 MP: 2/2
   579 | D:2      | Noticed Natasha
   593 | D:2      | Killed Natasha
   593 | D:2      | Reached XP level 3. HP: 5/28 MP: 3/3
   979 | D:2      | Noticed Natasha
   984 | D:2      | Killed Natasha
   984 | D:2      | Reached XP level 4. HP: 27/35 MP: 4/4
  1436 | D:2      | Noticed Natasha
  1443 | D:2      | Killed Natasha
  1443 | D:2      | Reached XP level 5. HP: 25/41 MP: 5/5
  1784 | D:3      | Noticed oki's ghost (amateur FeEn)
  1801 | D:3      | Found a transporter.
  1817 | D:3      | Found a transporter.
  2403 | D:3      | Found a faded altar of an unknown god.
  2458 | D:3      | Reached skill level 5 in Dodging
  2711 | D:3      | Reached XP level 6. HP: 4/47 MP: 6/6
  3073 | D:4      | HP: 2/70 [scorpion (5)]
  3075 | D:4      | Reached skill level 5 in Stealth
  3075 | D:4      | Succumbed to a scorpion's poison

Levels and vault maps discovered:
D:1:      ebering_trefoil_3fold, layout_basic, palyth_stone_intersect
D:2:      minmay_angry_zag, layout_loops_corners, uniq_natasha
D:3:      layout_basic, chequers_ecumenical_altar_simple_redux,
          gammafunk_ghost_stat_death
D:4:      layout_basic, first_ration

Skill      XL: |  1  2  3  4  5  6 |
---------------+-------------------+-----
Fighting       | 3 |  3.5
Dodging        | 4 5 |  5.2
Stealth        | 4 5 |  5.0
Long Blades    | 4 |  4.8

Action                   |  1- 3 |  4- 6 || total
-------------------------+-------+-------++-------
Melee: Falchion          |    41 |   142 ||   183
       Bite              |     4 |    18 ||    22
  Use: Potion            |       |     9 ||     9
 Stab: Sleeping          |     6 |    13 ||    19
       Distracted        |     1 |       ||     1
  Eat: Corpse            |       |     2 ||     2
Armor: Robe              |     5 |    19 ||    24
Dodge: Dodged            |    26 |    93 ||   119
       Rpst.: Falchion   |     9 |    28 ||    37

Table legend:
 A = Non-vault XP
 B = Vault XP
 C = Vault XP percentage of total XP
 D = Non-vault monster count
 E = Vault monster count
 F = Vault count percentage of total count
                 A         B        C        D         E       F
            +---------+---------+-------+---------+---------+-------
      Total |     429 |      52 |  10.8 |      57 |       4 |   6.6
            +---------+---------+-------+---------+---------+-------
        D:1 |      14 |       0 |   0.0 |      10 |       0 |   0.0
        D:2 |     130 |      52 |  28.6 |      18 |       4 |  18.2
        D:3 |     187 |       0 |   0.0 |      23 |       0 |   0.0
        D:4 |      98 |       0 |   0.0 |       6 |       0 |   0.0
            +---------+---------+-------+---------+---------+-------
